 Dungeon Crawl Stone Soup version 0.21.1-1-g345015fe64 (webtiles) character file.

108 Oravi the Changer (level 4, -3/32 HPs)
             Began as a Merfolk Transmuter on Apr 27, 2018.
             Slain by Jessica
             ... wielding a +5 club
              (5 damage)
             ... on level 3 of the Dungeon.
             The game lasted 00:07:15 (2146 turns).

Oravi the Changer (Merfolk Transmuter)              Turns: 2146, Time: 00:07:15

Health: -3/32      AC:  3    Str: 10    XL:     4   Next: 87%
Magic:  2/7        EV: 13    Int: 13    God:
Gold:   184        SH:  0    Dex: 14    Spells: 1/7 levels left

rFire    . . .     SeeInvis .     - Unarmed
rCold    . . .     Gourm    .   (no shield)
rNeg     . . .     Faith    .   b - +1 robe
rPois    .         Spirit   .   (no helmet)
rElec    .         Reflect  .   (no cloak)
rCorr    .         Harm     .   (no gloves)
MR       .....                  (no boots)
Stlth    +.........             (no amulet)
HPRegen  0.10/turn              (no ring)
MPRegen  0.10/turn              (no ring)

@: very slightly contaminated
A: change form in water, swift swim, stealthy swim
a: no special abilities


You were on level 3 of the Dungeon.
You were not hungry.

You visited 1 branch of the dungeon, and saw 3 of its levels.

You collected 184 gold pieces.

Inventory:

Missiles
 a - 38 arrows
 m - 72 stones (quivered)
Armour
 b - a +1 robe (worn)
Jewellery
 e - a cursed ring of flight {unknown}
Wands
 j - a wand of flame (23)
Scrolls
 h - 2 scrolls of teleportation
Potions
 f - a potion of flight
 k - a potion of agility
 l - 2 potions of mutation {unknown}
 o - a potion of berserk rage {unknown}
 p - a potion of might
Books
 c - a book of Changes

   Spells                             Type                      Level
   a - Beastly Appendage              Transmutation                1
   b - Sticks to Snakes               Transmutation                2
   c - Spider Form                    Transmutation/Poison         3
   d - Ice Form                       Ice/Transmutation            4
   e - Blade Hands                    Transmutation                5
Comestibles
 d - 5 rations
 i - a chunk of flesh


   Skills:
 + Level 1.1 Fighting
 + Level 3.2 Dodging
 + Level 4.4 Unarmed Combat
 - Level 2.0 Spellcasting
 * Level 4.7 Transmutations
 * Level 1.0 Poison Magic


You had one spell level left.
You knew the following spells:

 Your Spells              Type           Power        Failure   Level  Hunger
a - Beastly Appendage     Tmut           ##....       3%          1    ##.....
b - Sticks to Snakes      Tmut           ##......     5%          2    ###....
c - Spider Form           Tmut/Pois      #.........   22%         3    ####...


Dungeon Overview and Level Annotations

Branches:
Dungeon (3/15)

Altars:

Annotations:
D:2 1 runed door
D:3 Jessica


Message History

You hit Jessica but do no damage. Jessica completely misses you.
You barely miss Jessica. Jessica closely misses you. x2
You hit Jessica but do no damage.
Jessica is poisoned.
Jessica hits you with an enchanted club.
You hit Jessica but do no damage.
Jessica looks as sick as possible!
Jessica is moderately wounded.
Jessica gestures at you while chanting. Pain shoots through your body!
You miss Jessica.
Jessica is moderately wounded.
Jessica grins evilly.
Jessica hits you with an enchanted club.
* * * LOW HITPOINT WARNING * * *
Jessica gestures at you while chanting. Pain shoots through your body!
* * * LOW HITPOINT WARNING * * *
Your transformation has ended.
Your +1 robe unmelds from your body.
Jessica hits you with an enchanted club.
You die...

#.... #....#
########
#....###......#
#....#.@..###.#
#....#@#<)....#
#....#.#.#######.
#......#.........
#...).....#######
#.........#
#.........#
#.........#
#.........#
##.^......#


You could see Jessica.

Vanquished Creatures
  2 gnolls
  3 adders
  3 worms (D:2)
  2 leopard geckos
  3 giant cockroaches
  5 goblins
  8 hobgoblins
  3 jackals
  8 kobolds
  5 bats
  5 frilled lizards
  6 rats
53 creatures vanquished.

Notes
Turn   | Place    | Note
-------+----------+-------------------------------------------
     0 | D:1      | Oravi the Merfolk Transmuter began the quest for the Orb.
     0 | D:1      | Reached XP level 1. HP: 15/15 MP: 3/3
   145 | D:1      | Reached XP level 2. HP: 21/21 MP: 3/5
   613 | D:2      | Reached XP level 3. HP: 15/26 MP: 4/6
   843 | D:1      | Learned a level 2 spell: Sticks to Snakes
   847 | D:1      | Learned a level 3 spell: Spider Form
  1315 | D:2      | Reached XP level 4. HP: 24/32 MP: 0/7
  1626 | D:2      | Found a runed door.
  2045 | D:3      | Noticed a bullfrog
  2048 | D:3      | Noticed Jessica
  2076 | D:2      | Reached skill level 1 in Poison Magic
  2146 | D:3      | Slain by Jessica

Skill      XL: |  1  2  3  4 |
---------------+-------------+-----
Transmutations | 3 4 |  4.7
Unarmed Combat | 4 |  4.4
Dodging        | 3 |  3.2
Poison Magic   | 1 |  1.0
Fighting       | |  1.1
Spellcasting   | |  2.0

Action                   |  1- 3 |  4- 6 || total
-------------------------+-------+-------++-------
Melee: Unarmed           |   114 |    57 ||   171
       Headbutt          |    12 |     2 ||    14
       Punch             |     1 |       ||     1
 Cast: Beastly Appendage |    19 |     3 ||    22
       Spider Form       |     4 |     8 ||    12
  Use: Scroll            |     9 |     3 ||    12
       Potion            |     1 |       ||     1
 Stab: Sleeping          |     3 |     1 ||     4
  Eat: Chunk             |     3 |     4 ||     7
Armor: Robe              |     8 |     8 ||    16
       Skin              |     1 |     1 ||     2
Dodge: Dodged            |    66 |    52 ||   118
